 Dungeon Crawl Stone Soup version 0.31-a0-221-gbddc013574 (webtiles) character file.

Game seed: 16216747726150487696

187083 qw the Peltast (level 18, -24/119 HPs)
             Began as a Gargoyle Fighter on July 4, 2023.
             Was a Priest of Okawaru.
             Blown up by an orb spider (47 damage)
             ... with an orb of destruction
             ... on level 3 of the Spider Nest.
             The game lasted 00:20:53 (31016 turns).

qw the Peltast (Gargoyle Fighter)                  Turns: 31016, Time: 00:20:54

Health: -24/119    AC: 43    Str: 32    XL:     18   Next: 50%
Magic:  34/34      EV: 18    Int:  8    God:    Okawaru [***...]
Gold:   3393       SH: 23    Dex: 14    Spells: 17/17 levels left

rFire   + . .        y - +3 war axe (vamp)
rCold   + . .        j - +0 tower shield
rNeg    + . .        s - +0 plate armour
rPois   inf          p - +0 hat of Inaction {Will- Str+3 Dex+5 Slay+3}
rElec   +            E - +2 cloak {rCorr}
rCorr   +            B - +2 pair of gloves {hurl}
SInv    .            h - +2 pair of boots {Stlth+}
Will    .....        F - amulet of the acrobat
Stlth   x              - +5 ring of evasion
HPRegen 0.39/turn    D - ring "Cevi" {Contam rPois rF+ rC+ MP+9}
MPRegen 0.24/turn

%: acrobat
@: about to teleport, heroic, flying
A: sickness immunity, AC +13, big wings, negative energy resistance 1,
electricity resistance, torment resistance 1, petrification resistance
a: Renounce Religion, Heroism


You were on level 3 of the Spider Nest.
You worshipped Okawaru.
Okawaru was most pleased with you.
You visited 5 branches of the dungeon, and saw 28 of its levels.
You visited the Abyss 1 time.
You also visited: Gauntlet.

You collected 4013 gold pieces.
You spent 620 gold pieces at shops.


Innate Abilities, Weirdness & Mutations

You are immune to sickness and miasma.
Your stone body is resilient. (AC +13)
You are immune to poison.
Your large and strong wings let you fly.
You resist negative energy. (rN+)
You are resistant to electric shocks. (rElec)
You are resistant to unholy torment.
You are immune to petrification.


   Skills:
 - Level 15.0(20.0) Fighting
 - Level 16.0(21.0) Axes
 + Level 8.8(13.8) Throwing
 - Level 14.0(19.0) Armour
 - Level 5.2(10.2) Dodging
 - Level 18.5(23.5) Shields
 - Level 10.0 Invocations


You had 17 spell levels left.
You didn't know any spells.
Your spell library was empty.

Inventory:

Hand Weapons
 i - a +2 war axe of electrocution
 y - a +3 vampiric war axe (weapon)
 Y - a +6 war axe of draining
Missiles
 o - 10 boomerangs
 J - a silver javelin (quivered)
Armour
 h - a +2 pair of boots of stealth (worn)
 j - a +0 tower shield (worn)
 n - +0 acid dragon scales
 p - the +0 hat of Inaction (worn) {Will- Str+3 Dex+5 Slay+3}
   (You found it in a Gauntlet)

   Str:       It affects your strength (+3).
   Dex:       It affects your dexterity (+5).
   Slay:      It affects your accuracy & damage with ranged weapons and melee
   (+3).
   Will:      It decreases your willpower.
 s - a +0 plate armour (worn)
 t - the +15 Maxwell's patent armour {-Cast -Tele rElec Will+ rCorr}
   (Okawaru gifted it to you on level 14 of the Dungeon)

   rElec:     It insulates you from electricity.
   -Cast:     It prevents spellcasting.
   -Tele:     It prevents most forms of teleportation.
   rCorr:     It protects you from acid and corrosion.
   Will:      It increases your willpower.
 v - a +0 chain mail of fire resistance
 B - a +2 pair of gloves of hurling (worn)
 E - a +2 cloak of preservation (worn)
 G - a +2 scale mail of cold resistance
 K - a scarf of resistance
 L - a +1 plate armour of cold resistance
Jewellery
 a - a ring of protection from fire
 r - a ring of resist corrosion
 x - a +5 ring of evasion (left hand)
 z - a ring of protection from cold
 C - a +6 ring of strength
 D - the ring "Cevi" (right hand) {Contam rPois rF+ rC+ MP+9}
   (You found it in a Gauntlet)

   [ring of magical power]

   rF:        It protects you from fire.
   rC:        It protects you from cold.
   rPois:     It protects you from poison.
   MP:        It affects your magic capacity (+9).
   Contam:    It causes magical contamination when unequipped.
 F - an amulet of the acrobat (around neck)
Wands
 w - a wand of digging (14)
Scrolls
 q - 23 scrolls of identify
 I - a scroll of brand weapon
Potions
 b - 3 potions of magic
 c - 4 potions of attraction
 d - 5 potions of might
 e - 3 potions of haste
 f - 6 potions of enlightenment
 g - 3 potions of curing
 l - a potion of resistance {unknown}
 m - 4 potions of mutation
 u - a potion of cancellation
 A - 2 potions of lignification

Dungeon Overview and Level Annotations

Branches:
Dungeon (15/15)            Temple (0/1) D:4            Lair (5/5) D:10
  Swamp (3/4) Lair:3       Spider (3/4) Lair:2        Slime (0/5) Lair:4
    Orc (2/2) D:12            Elf (0/3) Orc:2        Vaults (0/5) D:13
 Depths (0/4) D:15        Gauntlet (visited)

Altars:
Elyvilon
Okawaru
Ru
Trog
Wu Jian
Yredelemnul
Zin
The Shining One
Jiyva
Lugonu

Shops:
D:1 :   D:5 *   D:7 *[?:(   D:9 (   Orc:2 ([=:*

Portals:
Abyss: Lair:5
Trove: D:15 (give +5 demon trident)

Annotations:
D:4 1 runed translucent door, Crazy Yiuf
D:14 3 runed translucent doors, Cove's ghost, journeyman GrFi; Imiczer's ghost, journeyman FoFi; Sagy's ghost, journeyman GrFi
Lair:4 exclusion: 3 oklob plants
Swamp:1 2 transporters
Spider:1 1 runed translucent door, qw's ghost, adept GrFi
Spider:3 Bai Suzhen
Orc:2 3 runed translucent doors, qw's ghost, adept GrHu


Message History

Bai Suzhen is heavily wounded.
You slice the moth of wrath!!
A meliai comes into view.
It is wielding a +1 war axe of electrocution.
You block Bai Suzhen's attack. Bai Suzhen claws you!
Bai Suzhen tramples you but does no damage.
The moth of wrath bites you but does no damage.
You hit Bai Suzhen but do no damage.
Bai Suzhen is heavily wounded.
You closely miss the moth of wrath.
You are engulfed in a thunderstorm.
You resist.
Bai Suzhen bites you but does no damage.
Bai Suzhen misses you. You block Bai Suzhen's attack.
You block the moth of wrath's attack.
You hit Bai Suzhen.
Bai Suzhen is heavily wounded.
You slash the moth of wrath!
You feel better.
You are engulfed in a thunderstorm.
You resist. Bai Suzhen closely misses you. You block Bai Suzhen's attack.
Bai Suzhen misses you. You block the moth of wrath's attack.
You slice the moth of wrath!!
You feel better.
You kill the moth of wrath!
Okawaru accepts your kill.
You hit Bai Suzhen.
You feel better.
The orb spider weaves a glowing orb of energy.
Bai Suzhen bites you!! You block Bai Suzhen's attack. Bai Suzhen misses you.
An orb of destruction comes into view.
You barely miss Bai Suzhen.
Bai Suzhen is heavily wounded.
You are engulfed in a thunderstorm.
You resist. Bai Suzhen completely misses you. You block Bai Suzhen's attack.
Bai Suzhen misses you.
The meliai mumbles some strange prayers to its god against you.
Something smites you!
You hear an angry buzzing noise.
31016 ||| READING scroll of teleportation.
As you read the scroll of teleportation, it crumbles to dust.
You feel strangely unstable.
You are engulfed in a thunderstorm.
You resist. The orb of destruction hits you!!!
You die...

##.....##.....######.....####[.#
#.......#...###.####.....####..#
###...^....##.#..#^.......8#....
#....^....#^<...'...8.8...'....
#.........#.....#.........#....
##.#.#.........#############...
#####.....s~~~######### ###..#
#......00##.......# #....#
.......^.¤¤@~...^..## ##.^##
.......#..¤D¤%...#^## ####^
#......#^.¤s####.### . #..
##.....#^..y¤..####... ###
##.#..###....¤¤^¤.... #.
#(...¤¤D¤¤.... ####
#....#¤.¤.^... ##.##
#....#...###.[ #..#. #....#.....
#....


You could see Bai Suzhen (berserk, clouds), an orb spider, a redback and a
meliai.

Vanquished Creatures
  Arachne (Spider:3)
  3 tentacled starspawn
  Agnes (D:14)
  An emperor scorpion (Spider:2)
  2 ghost moths
  Louise (Spider:3)
  An orc warlord (Orc:2)
  3 broodmothers
  A stone giant (D:15)
  A minotaur (Gauntlet)
  A bunyip (Swamp:2)
  4 eleionomae
  A spark wasp (Spider:1)
  A green death (Abyss:2)
  7 entropy weavers
  A vault guard (D:13)
  2 jorogumos
  10 hydras
  2 ghost crabs
  3 radroaches
  6 centaur warriors
  7 alligators
  5 tengu warriors
  4 two-headed ogres
  5 boulder beetles
  3 death yaks (Lair:1)
  4 demonic crawlers
  A spriggan berserker (Swamp:2)
  A hell hog (Abyss:2)
  5 thrashing horrors
  An orc high priest (Orc:2)
  Sonja (Orc:2)
  A soul eater (Abyss:2)
  A wretched star (Abyss:2)
  A sixfirhy (Abyss:2)
  A skyshark (Lair:3)
  6 pharaoh ants
  2 sun moths (Spider:2)
  3 goliath frogs
  5 skeletal warriors (D:13)
  3 spriggan druids
  8 orb spiders
  3 bog bodies (Swamp:1)
  4 swamp dragons (Lair:5)
  A flayed ghost (Abyss:2)
  A deep elf archer (D:13)
  4 lindwurms
  A wizard (D:14)
  Pikel (D:8)
  7 steelbarb worms
  A harpy (shapeshifter) (D:13)
  4 deep elf pyromancers
  An orc sorcerer (Orc:1)
  14 wolf spiders
  16 ugly things
  A deep elf zephyrmancer (D:14)
  2 orc knights
  A manticore (shapeshifter) (D:14)
  4 cyclopes
  An oklob plant (Orc:1)
  4 manticores
  3 will-o-the-wisps
  A centaur zombie (Abyss:2)
  5 moths of wrath
  14 elephants
  Maurice (D:10)
  Joseph (D:7)
  5 black mambas
  3 gargoyles
  An apocalypse crab (Abyss:2)
  4 smoke demons
  7 large abominations
  5 torpor snails
  16 cane toads
  2 efreet
  2 unseen horrors
  7 rime drakes
  An ice devil (Gauntlet)
  7 ancient zymes
  13 komodo dragons
  A hellwing (Abyss:2)
  A meliai (D:13)
  4 tyrant leeches
  22 blink frogs
  A bloated husk (Swamp:3)
  6 trolls
  A polar bear (Lair:4)
  A queen bee (shapeshifter) (D:14)
  13 hornets
  23 tarantellas
  5 raiju (Abyss:2)
  A blink frog (shapeshifter) (Lair:5)
  A centaur simulacrum (D:14)
  6 dream sheep (Lair:1)
  27 jumping spiders
  A vampire (D:12)
  6 wraiths
  Sigmund (D:4)
  15 spriggans
  7 wyverns
  20 culicivoras
  A ynoxinul (Abyss:2)
  A fire elemental (Gauntlet)
  9 basilisks
  36 yaks
  2 chaos spawn (Lair:5)
  34 redbacks
  A neqoxec (Abyss:2)
  A steam dragon (D:9)
  11 swamp worms
  Grum (D:9)
  18 vampire mosquitoes
  3 wargs (Orc:2)
  Menkaure (D:7)
  5 acid dragons
  Edmund (D:4)
  18 water moccasins
  3 hell hounds (Gauntlet)
  A floating eye (Lair:4)
  4 sky beasts
  A water moccasin (shapeshifter) (Lair:5)
  4 ice beasts
  31 orc warriors
  2 swamp drakes
  3 black bears
  32 wolves
  11 centaurs
  3 ogres
  3 lemures (D:8)
  19 bullfrogs
  A scorpion (D:6)
  16 small abominations
  8 wights
  2 gnoll sergeants
  13 killer bees
  3 howler monkeys
  6 electric eels
  A lava snake (D:7)
  3 hounds (D:5)
  6 jellies
  17 orc priests
  A gnoll bouda (Orc:1)
  4 starcursed masses (Abyss:2)
  An iguana (Lair:3)
  24 orc wizards
  A boggart simulacrum (D:13)
  26 gnolls
  8 adders
  4 white imps
  2 ufetubi
  3 worms
  3 dart slugs
  78 orcs
  6 bats
  2 endoplasms
  2 giant cockroaches
  3 goblins
  5 hobgoblins
  12 jackals
  14 kobolds
  8 quokkas
  9 ball pythons
  2 frilled lizards
  8 rats
1015 creatures vanquished.

Vanquished Creatures (others)
  A ghost moth (Spider:3)
  An eleionoma (Swamp:3)
  A raiju (Abyss:2)
  A jumping spider (Spider:3)
  A small abomination (Abyss:2)
  8 foxfires
  A lurking horror (Abyss:2)
  6 starspawn tentacles
20 creatures vanquished.

Grand Total: 1035 creatures vanquished

Notes
Turn   | Place    | Note
-------+----------+-------------------------------------------
     0 | D:1      | qw the Gargoyle Fighter began the quest for the Orb.
     0 | D:1      | Reached XP level 1. HP: 14/14 MP: 1/1
     0 | D:1      | 0 ||| qw: Version: 0.3-a-41-g9d075ac
     0 | D:1      | 0 ||| qw: Game counter: 715
     0 | D:1      | 0 ||| qw: Melee chars always use a shield: true
     0 | D:1      | 0 ||| qw: God list: Okawaru
     0 | D:1      | 0 ||| qw: Allow faded altars: false
     0 | D:1      | 0 ||| qw: Do Orc after clearing Dungeon:15 true
     0 | D:1      | 0 ||| qw: Do second Lair branch before Depths: true
     0 | D:1      | 0 ||| qw: Lair rune preference: random
     0 | D:1      | 0 ||| qw: Goals: Normal, Zot:1-4, Slime:5, God:TSO, Crypt,
                  | Tomb, Abyss, Pan, Hells, Win
     0 | D:1      | 0 ||| PLANNING D:1-11
    93 | D:1      | 93 ||| Stepping ~*~*~tactically~*~*~ (hiding).
    96 | D:1      | 96 ||| Stepping ~*~*~tactically~*~*~ (hiding).
    98 | D:1      | 98 ||| Stepping ~*~*~tactically~*~*~ (hiding).
   107 | D:1      | Reached XP level 2. HP: 19/19 MP: 2/2
   214 | D:1      | Found Qinushol's Book Boutique.
   237 | D:1      | 237 ||| Stepping ~*~*~tactically~*~*~ (stealth).
   238 | D:1      | 238 ||| Stepping ~*~*~tactically~*~*~ (stealth).
   322 | D:1      | Reached skill level 3 in Axes
   336 | D:1      | Reached XP level 3. HP: 23/23 MP: 3/3
   631 | D:1      | 631 ||| UPGRADING to +0 cloak.
   636 | D:1      | 636 ||| READING scroll labelled OTRUMO MUCUN.
   637 | D:1      | 637 ||| READING scroll labelled ATRIAM KEMUOF.
   638 | D:1      | 638 ||| READING scroll labelled ZAUTOU ROPLEISUT.
   639 | D:1      | 639 ||| READING scroll labelled SEL LOATHRY.
   640 | D:1      | 640 ||| READING 2 scrolls labelled WOSINE HOWIONO.
   641 | D:1      | 641 ||| DROPPING scroll of fear.
   840 | D:2      | Reached XP level 4. HP: 24/28 MP: 4/4
  1034 | D:2      | 1034 ||| FLEEEEING.
  1035 | D:2      | 1035 ||| FLEEEEING.
  1036 | D:2      | 1036 ||| FLEEEEING.
  1037 | D:2      | 1037 ||| FLEEEEING.
  1178 | D:2      | 1178 ||| READING scroll labelled DUCKAROER UKLYFRY.
  1259 | D:3      | 1259 ||| DROPPING +0 hand axe.
  1260 | D:3      | 1260 ||| DROPPING +0 whip.
  1288 | D:3      | 1288 ||| Stepping ~*~*~tactically~*~*~ (stealth).
  1296 | D:3      | Reached XP level 5. HP: 32/32 MP: 5/5
  1365 | D:3      | Noticed a black bear
  1373 | D:3      | Killed a black bear
  1374 | D:3      | Reached XP level 6. HP: 37/37 MP: 6/6
  1415 | D:3      | Found a bloodstained altar of Trog.
  1586 | D:3      | 1586 ||| UPGRADING to +0 chain mail.
  1596 | D:3      | 1596 ||| DROPPING +0 scale mail.
  1597 | D:3      | 1597 ||| READING scroll labelled NUCINI EBBUN.
  1598 | D:3      | 1598 ||| READING scroll labelled NOAFASEANI.
  1599 | D:3      | 1599 ||| READING 2 scrolls labelled RIEBATHOTWU.
  1604 | D:3      | 1604 ||| DRINKING 2 silvery potions.
  1605 | D:3      | 1605 ||| DRINKING 3 fuming puce potions.
  1606 | D:3      | 1606 ||| DROPPING 2 potions of degeneration.
  1645 | D:4      | 1645 ||| Stepping ~*~*~tactically~*~*~ (hiding).
  1681 | D:4      | Reached skill level 1 in Throwing
  1705 | D:4      | Noticed a black bear
  1713 | D:4      | Killed a black bear
  1761 | D:4      | Identified the ring of Lampuo Pece {rPois rF+ rN+ Dex+8
                  | Slay-5}
  1821 | D:4      | Found a runed translucent door.
  1822 | D:4      | Noticed Crazy Yiuf
  1888 | D:4      | 1888 ||| Stepping ~*~*~tactically~*~*~ (stealth).
  1893 | D:4      | Found an iron altar of Okawaru.
  1894 | D:4      | 1894 ||| PLANNING OKAWARU WORSHIP
  1894 | D:4      | 1894 ||| UPGRADING to +4 ring of slaying {mikee}.
  1895 | D:4      | 1895 ||| UPGRADING to ring of Lampuo Pece {rPois rF+ rN+
                  | Dex+8 Slay-5}.
  1896 | D:4      | 1896 ||| DRINKING 2 murky yellow potions.
  1899 | D:4      | Became a worshipper of Warmaster Okawaru
  1900 | D:4      | 1900 ||| PLANNING D:1-11
  1902 | D:4      | 1902 ||| Stepping ~*~*~tactically~*~*~ (stealth).
  1926 | D:4      | 1926 ||| Stepping ~*~*~tactically~*~*~ (stealth).
  1934 | D:4      | Reached XP level 7. HP: 43/43 MP: 7/7
  1936 | D:4      | Reached skill level 1 in Dodging
  1983 | D:4      | Found a glowing silver altar of Zin.
  2076 | D:4      | 2076 ||| Stepping ~*~*~tactically~*~*~ (hiding).
  2081 | D:4      | 2081 ||| Stepping ~*~*~tactically~*~*~ (hiding).
  2173 | D:4      | Found a glowing golden altar of the Shining One.
  2175 | D:4      | Noticed Sigmund
  2184 | D:4      | Killed Sigmund
  2185 | D:4      | Reached skill level 6 in Axes
  2295 | D:4      | You fall into a shaft and drop 1 floor!
  2295 | D:5      | Entered Level 5 of the Dungeon
  2336 | D:5      | 2336 ||| Stepping ~*~*~tactically~*~*~ (hiding).
  2379 | D:5      | 2379 ||| READING scroll of enchant armour.
  2379 | D:5      | 2379 ||| ENCHANTING +0 cloak.
  2381 | D:5      | 2381 ||| READING scroll labelled ROPPIM PEGHONURR.
  2414 | D:4      | Found a staircase to the Ecumenical Temple.
  2446 | D:4      | Noticed Edmund
  2457 | D:4      | Killed Edmund
  2457 | D:4      | Reached * piety under Okawaru
  2458 | D:4      | Reached XP level 8. HP: 40/50 MP: 8/8
  2772 | D:5      | Found Nifos's Fire Supplies.
  2807 | D:5      | 2807 ||| SHOPLISTING +0 fire dragon scales (720 gold, have
                  | 112).
  2807 | D:5      | 2807 ||| SHOPLISTING +1 scale mail of fire resistance (192
                  | gold, have 112).
  2807 | D:5      | 2807 ||| SHOPLISTING ring of protection from fire (300
                  | gold, have 112).
  2849 | D:5      | 2849 ||| Stepping ~*~*~tactically~*~*~ (hiding).
  2988 | D:5      | 2988 ||| INVOKING Heroism.
  3302 | D:5      | 3302 ||| UPGRADING to +0 kite shield.
  3312 | D:5      | 3312 ||| DROPPING +0 buckler.
  3313 | D:5      | 3313 ||| READING 2 scrolls of identify.
  3313 | D:5      | 3313 ||| IDENTIFYING yellow potion
  3319 | D:6      | 3319 ||| PLANNING SEWER
  3341 | D:6      | 3341 ||| INVOKING Heroism.
  3344 | D:6      | Reached skill level 3 in Invocations
  3349 | D:6      | Reached skill level 4 in Shields
  3410 | D:6      | 3410 ||| Stepping ~*~*~tactically~*~*~ (hiding).
  3414 | D:6      | 3414 ||| Stepping ~*~*~tactically~*~*~ (hiding).
  3415 | D:6      | 3415 ||| Stepping ~*~*~tactically~*~*~ (hiding).
  3466 | D:6      | 3466 ||| Stepping ~*~*~tactically~*~*~ (stealth).
  3467 | D:6      | 3467 ||| Stepping ~*~*~tactically~*~*~ (stealth).
  3576 | D:6      | Identified the +1 ring mail of Baldness {*Corrode rN+
                  | Int+4}
  3705 | D:6      | 3705 ||| INVOKING Heroism.
  3818 | D:6      | Reached skill level 5 in Shields
  3833 | D:6      | 3833 ||| Stepping ~*~*~tactically~*~*~ (stealth).
  3836 | D:6      | 3836 ||| Stepping ~*~*~tactically~*~*~ (hiding).
  3838 | D:6      | 3838 ||| Stepping ~*~*~tactically~*~*~ (hiding).
  3839 | D:6      | 3839 ||| Stepping ~*~*~tactically~*~*~ (hiding).
  4008 | D:6      | 4008 ||| RIP SEWER
  4019 | D:6      | 4019 ||| PLANNING D:1-11
  4019 | D:6      | 4019 ||| Stepping ~*~*~tactically~*~*~ (water).
  4023 | D:6      | 4023 ||| Stepping ~*~*~tactically~*~*~ (water).
  4036 | D:6      | 4036 ||| Stepping ~*~*~tactically~*~*~ (stealth).
  4085 | D:6      | 4085 ||| UPGRADING to +0 plate armour.
  4095 | D:6      | 4095 ||| DROPPING +0 chain mail.
  4096 | D:6      | 4096 ||| DROPPING ring of flight.
  4276 | D:7      | 4276 ||| Stepping ~*~*~tactically~*~*~ (hiding).
  4278 | D:7      | 4278 ||| INVOKING Heroism.
  4280 | D:7      | Noticed Menkaure
  4284 | D:7      | Reached XP level 9. HP: 52/54 MP: 9/12
  4286 | D:7      | Reached skill level 6 in Shields
  4290 | D:7      | 4290 ||| INVOKING Heroism.
  4297 | D:7      | Killed Menkaure
  4377 | D:7      | Found a basalt altar of Yredelemnul.
  4382 | D:7      | 4382 ||| Stepping ~*~*~tactically~*~*~ (hiding).
  4498 | D:7      | 4498 ||| Stepping ~*~*~tactically~*~*~ (stealth).
  4501 | D:7      | 4501 ||| Stepping ~*~*~tactically~*~*~ (hiding).
  4515 | D:7      | Reached skill level 7 in Shields
  4517 | D:7      | 4517 ||| FLEEEEING.
  4519 | D:7      | 4519 ||| Stepping ~*~*~tactically~*~*~ (stealth).
  4530 | D:7      | 4530 ||| INVOKING Heroism.
  4538 | D:7      | Reached ** piety under Okawaru
  4539 | D:7      | Reached skill level 6 in Fighting
  4682 | D:7      | 4682 ||| INVOKING Heroism.
  4683 | D:7      | Found Nesuklav's Armour Shoppe.
  4683 | D:7      | Found Qosmoyn's Magic Scroll Emporium.
  4683 | D:7      | Found Suzuk's Book Shop.
  4716 | D:7      | Found Eteip's Antique Weapon Boutique.
  4720 | D:7      | 4720 ||| BUYING +0 helmet (63 gold).
  4720 | D:7      | Bought a +0 helmet for 63 gold pieces
  4720 | D:7      | 4720 ||| SHOPLISTING +1 pair of gloves of strength (231
                  | gold, have 148).
  4720 | D:7      | 4720 ||| SHOPLISTING +4 plate armour of the Shining Light
                  | {Will+} (778 gold, have 148).
  4722 | D:7      | 4722 ||| BUYING scroll of identify (24 gold).
  4722 | D:7      | Bought a scroll of identify for 24 gold pieces
  4722 | D:7      | 4722 ||| BUYING scroll of identify (24 gold).
  4722 | D:7      | Bought a scroll of identify for 24 gold pieces
  4722 | D:7      | 4722 ||| BUYING scroll of identify (24 gold).
  4722 | D:7      | Bought a scroll of identify for 24 gold pieces
  4722 | D:7      | 4722 ||| BUYING scroll of identify (24 gold).
  4722 | D:7      | Bought a scroll of identify for 24 gold pieces
  4722 | D:7      | 4722 ||| BUYING scroll of teleportation (36 gold).
  4722 | D:7      | Bought a scroll of teleportation for 36 gold pieces
  4722 | D:7      | 4722 ||| SHOPLISTING scroll of teleportation (36 gold, have
                  | 16).
  4845 | D:7      | Found Lyhonen's Assorted Antiques.
  4846 | D:7      | Noticed a hornet
  4862 | D:7      | Killed a hornet
  4889 | D:7      | 4889 ||| SHOPLISTING large peridot ring (155 gold, have
                  | 30).
  4889 | D:7      | 4889 ||| SHOPLISTING potion of might (124 gold, have 30).
  4889 | D:7      | 4889 ||| SHOPLISTING scroll labelled DIPTET JUNIO (31 gold,
                  | have 30).
  4889 | D:7      | 4889 ||| SHOPLISTING scroll of identify (62 gold, have 30).
  4993 | D:7      | Noticed Joseph
  4994 | D:7      | 4994 ||| Stepping ~*~*~tactically~*~*~ (hiding).
  5003 | D:7      | 5003 ||| INVOKING Heroism.
  5010 | D:7      | Killed Joseph
  5011 | D:7      | Reached skill level 8 in Shields
  5011 | D:7      | Reached XP level 10. HP: 40/60 MP: 10/13
  5277 | D:7      | 5277 ||| UPGRADING to +0 helmet.
  5282 | D:7      | 5282 ||| READING scroll labelled CANA TEDYTZUKE.
  5283 | D:7      | 5283 ||| READING scroll labelled UPEESA AGHYPN.
  5284 | D:7      | 5284 ||| READING scroll labelled ORUANNO KENY.
  5285 | D:7      | 5285 ||| READING 7 scrolls of identify.
  5285 | D:7      | 5285 ||| IDENTIFYING bubbling black potion
  5286 | D:7      | 5286 ||| READING 6 scrolls of identify.
  5286 | D:7      | 5286 ||| IDENTIFYING metallic pink potion
  5353 | D:8      | 5353 ||| Stepping ~*~*~tactically~*~*~ (stealth).
  5367 | D:8      | Reached skill level 9 in Axes
  5369 | D:8      | Reached skill level 6 in Armour
  5375 | D:8      | 5375 ||| Stepping ~*~*~tactically~*~*~ (hiding).
  5376 | D:8      | 5376 ||| Stepping ~*~*~tactically~*~*~ (hiding).
  5377 | D:8      | 5377 ||| Stepping ~*~*~tactically~*~*~ (hiding).
  5378 | D:8      | 5378 ||| Stepping ~*~*~tactically~*~*~ (hiding).
  5443 | D:8      | Noticed a two-headed ogre
  5444 | D:8      | 5444 ||| INVOKING Heroism.
  5451 | D:8      | Killed a two-headed ogre
  5479 | D:8      | 5479 ||| Stepping ~*~*~tactically~*~*~ (stealth).
  5490 | D:8      | Reached skill level 9 in Shields
  5534 | D:8      | Reached *** piety under Okawaru
  5575 | D:8      | 5575 ||| Stepping ~*~*~tactically~*~*~ (stealth).
  5585 | D:8      | Noticed Pikel
  5594 | D:8      | 5594 ||| INVOKING Heroism.
  5602 | D:8      | HP: 14/64 [constriction (4)]
  5603 | D:8      | 5603 ||| READING 4 scrolls of teleportation.
  5604 | D:8      | 5604 ||| DRINKING 2 potions of heal wounds.
  5708 | D:8      | Killed Pikel
  5898 | D:8      | 5898 ||| READING scroll of enchant weapon.
  5898 | D:8      | 5898 ||| ENCHANTING +1 war axe of draining.
  6033 | D:8      | 6033 ||| DROPPING ring of ice.
  6034 | D:8      | 6034 ||| DROPPING ring of wizardry.
  6035 | D:8      | 6035 ||| UPGRADING to ring of protection from fire.
  6037 | D:8      | 6037 ||| READING 2 scrolls labelled LAQIRR NOMEOPEUVA.
  6037 | D:8      | Identified 2 scrolls of acquirement
  6037 | D:8      | 6037 ||| ACQUIRING 903 gold pieces
  6037 | D:8      | Acquired 903 gold pieces
  6038 | D:8      | 6038 ||| READING scroll of acquirement.
  6038 | D:8      | 6038 ||| ACQUIRING +1 kite shield of the Present {rF+}
  6038 | D:8      | Acquired the +1 kite shield of the Present {rF+}
  6040 | D:8      | 6040 ||| UPGRADING to +1 kite shield of the Present {rF+}.
  6050 | D:8      | 6050 ||| DROPPING +0 kite shield.
  6051 | D:8      | 6051 ||| UPGRADING to ring of protection from cold.
  6053 | D:8      | 6053 ||| READING 7 scrolls of identify.
  6053 | D:8      | 6053 ||| IDENTIFYING dark potion
  6054 | D:8      | 6054 ||| READING 6 scrolls of identify.
  6054 | D:8      | 6054 ||| IDENTIFYING inky potion
  6083 | D:9      | Noticed a gargoyle
  6086 | D:9      | 6086 ||| INVOKING Heroism.
  6093 | D:9      | HP: 2/64 [gargoyle/stone arrow (16)]
  6094 | D:9      | 6094 ||| READING 4 scrolls of teleportation.
  6095 | D:9      | 6095 ||| DRINKING potion of heal wounds.
  6099 | D:9      | Killed a gargoyle
  6100 | D:9      | Reached XP level 11. HP: 27/68 MP: 12/14
  6251 | D:9      | Found Zonot's Weapon Shoppe.
  6277 | D:9      | Noticed a two-headed ogre
  6279 | D:9      | 6279 ||| INVOKING Heroism.
  6286 | D:9      | Killed a two-headed ogre
  6286 | D:9      | Reached **** piety under Okawaru
  6357 | D:9      | 6357 ||| Stepping ~*~*~tactically~*~*~ (stealth).
  6365 | D:9      | 6365 ||| INVOKING Heroism.
  6431 | D:9      | Found an ornate altar of the Wu Jian Council.
  6447 | D:9      | Noticed Grum
  6537 | D:9      | 6537 ||| INVOKING Heroism.
  6648 | D:9      | 6648 ||| UPGRADING to +0 tower shield.
  6658 | D:9      | 6658 ||| DROPPING +1 kite shield of the Present {rF+}.
  6659 | D:9      | 6659 ||| READING 5 scrolls of identify.
  6659 | D:9      | 6659 ||| IDENTIFYING grey potion
  6668 | D:10     | Entered Level 10 of the Dungeon
  6748 | D:9      | 6748 ||| INVOKING Heroism.
  6760 | D:9      | Killed Grum
  6890 | D:9      | 6890 ||| UPGRADING to +6 ring of strength.
  6892 | D:9      | 6892 ||| DROPPING ring of Lampuo Pece {rPois rF+ rN+ Dex+8
                  | Slay-5}.
  6893 | D:9      | 6893 ||| UPGRADING to +4 ring of slaying {mikee}.
  6999 | D:10     | Noticed Maurice
  7008 | D:10     | 7008 ||| INVOKING Heroism.
  7015 | D:10     | Killed Maurice
  7035 | D:10     | 7035 ||| INVOKING Heroism.
  7039 | D:10     | Reached skill level 10 in Shields
  7085 | D:10     | Found a staircase to the Lair.
  7155 | D:10     | 7155 ||| INVOKING Heroism.
  7256 | D:10     | 7256 ||| Stepping ~*~*~tactically~*~*~ (stealth).
  7261 | D:10     | 7261 ||| Stepping ~*~*~tactically~*~*~ (hiding).
  7264 | D:10     | 7264 ||| Stepping ~*~*~tactically~*~*~ (hiding).
  7267 | D:10     | 7267 ||| INVOKING Heroism.
  7422 | D:10     | 7422 ||| Stepping ~*~*~tactically~*~*~ (hiding).
  7444 | D:10     | 7444 ||| Stepping ~*~*~tactically~*~*~ (stealth).
  7454 | D:10     | 7454 ||| Stepping ~*~*~tactically~*~*~ (hiding).
  7456 | D:10     | 7456 ||| INVOKING Heroism.
  7988 | D:10     | 7988 ||| PLANNING LAIR
  7988 | D:10     | 7988 ||| READING scroll labelled XUCSAD WEUPSUNN.
  8162 | Lair:1   | Entered Level 1 of the Lair of Beasts
  8176 | Lair:1   | 8176 ||| INVOKING Heroism.
  8193 | Lair:1   | 8193 ||| INVOKING Heroism.
  8208 | Lair:1   | 8208 ||| FLEEEEING.
  8389 | Lair:1   | 8389 ||| INVOKING Heroism.
  8394 | Lair:1   | Reached skill level 11 in Shields
  8419 | Lair:1   | 8419 ||| INVOKING Heroism.
  8421 | Lair:1   | Reached skill level 6 in Invocations
  8530 | Lair:1   | 8530 ||| INVOKING Heroism.
  8555 | Lair:1   | 8555 ||| Stepping ~*~*~tactically~*~*~ (stealth).
  8555 | Lair:1   | Noticed a death yak
  8555 | Lair:1   | Noticed a death yak
  8555 | Lair:1   | Noticed a death yak
  8556 | Lair:1   | 8556 ||| Stepping ~*~*~tactically~*~*~ (stealth).
  8557 | Lair:1   | 8557 ||| Stepping ~*~*~tactically~*~*~ (stealth).
  8558 | Lair:1   | 8558 ||| INVOKING Heroism.
  8573 | Lair:1   | Killed a death yak
  8574 | Lair:1   | Reached skill level 12 in Shields
  8574 | Lair:1   | Reached XP level 12. HP: 42/73 MP: 14/16
  8576 | Lair:1   | Killed a death yak
  8582 | Lair:1   | Killed a death yak
  8805 | Lair:1   | Reached ***** piety under Okawaru
  8806 | Lair:1   | Reached skill level 13 in Shields
  8864 | Lair:1   | 8864 ||| Stepping ~*~*~tactically~*~*~ (stealth).
  8866 | Lair:1   | 8866 ||| Stepping ~*~*~tactically~*~*~ (stealth).
  8871 | Lair:1   | 8871 ||| FLEEEEING.
  8872 | Lair:1   | 8872 ||| FLEEEEING.
  8873 | Lair:1   | 8873 ||| FLEEEEING.
  8874 | Lair:1   | 8874 ||| FLEEEEING.
  8875 | Lair:1   | 8875 ||| FLEEEEING.
  8876 | Lair:1   | 8876 ||| FLEEEEING.
  8916 | Lair:1   | 8916 ||| INVOKING Heroism.
  8939 | Lair:1   | HP: 18/73 [lindwurm/blast of flame (5)]
  8940 | Lair:1   | 8940 ||| READING 4 scrolls of teleportation.
  8941 | Lair:1   | 8941 ||| DRINKING potion of heal wounds.
  9363 | Lair:1   | 9363 ||| DROPPING ring of positive energy.
  9484 | Lair:2   | 9484 ||| INVOKING Heroism.
  9546 | Lair:2   | 9546 ||| READING scroll of enchant armour.
  9546 | Lair:2   | 9546 ||| ENCHANTING +0 helmet.
  9573 | Lair:2   | 9573 ||| INVOKING Heroism.
  9581 | Lair:2   | Reached skill level 9 in Invocations
  9632 | Lair:2   | 9632 ||| Stepping ~*~*~tactically~*~*~ (stealth).
  9744 | Lair:2   | 9744 ||| INVOKING Heroism.
  9861 | Lair:2   | 9861 ||| Stepping ~*~*~tactically~*~*~ (stealth).
  9879 | Lair:2   | Identified the +0 hat "Wiejia" {rElec Str-2 Int+4} (Okawaru
                  | gifted it to you on level 2 of the Lair of Beasts)
  9879 | Lair:2   | Received a gift from Okawaru
  9880 | Lair:2   | Reached XP level 13. HP: 76/79 MP: 20/20
 10055 | Lair:2   | 10055 ||| INVOKING Heroism.
 10127 | Lair:2   | Reached skill level 9 in Fighting
 10160 | Lair:2   | Identified the +2 chain mail of Twilight {Rampage}
 10237 | Lair:2   | Found a hole to the Spider Nest.
 10482 | Lair:2   | 10482 ||| INVOKING Heroism.
 10490 | Lair:2   | Reached skill level 14 in Shields
 10747 | Lair:2   | 10747 ||| DROPPING +0 hat "Wiejia" {rElec Str-2 Int+4}.
 10748 | Lair:2   | 10748 ||| DROPPING +2 chain mail of Twilight {Rampage}.
 10749 | Lair:2   | 10749 ||| DROPPING ring of willpower.
 10750 | Lair:2   | 10750 ||| UPGRADING to +5 ring of evasion.
 10752 | Lair:2   | 10752 ||| UPGRADING to +6 ring of strength.
 10754 | Lair:2   | 10754 ||| DROPPING +4 ring of slaying {mikee}.
 10810 | Lair:3   | 10810 ||| INVOKING Heroism.
 10821 | Lair:3   | 10821 ||| Stepping ~*~*~tactically~*~*~ (cloud).
 10850 | Lair:3   | 10850 ||| Stepping ~*~*~tactically~*~*~ (water).
 10871 | Lair:3   | 10871 ||| FLEEEEING.
 10877 | Lair:3   | 10877 ||| STAIRDANCE
 10940 | Lair:3   | 10940 ||| INVOKING Heroism.
 11045 | Lair:3   | 11045 ||| FLEEEEING.
 11059 | Lair:3   | 11059 ||| INVOKING Heroism.
 11170 | Lair:3   | 11170 ||| Stepping ~*~*~tactically~*~*~ (stealth).
 11172 | Lair:3   | 11172 ||| Stepping ~*~*~tactically~*~*~ (stealth).
 11174 | Lair:3   | 11174 ||| Stepping ~*~*~tactically~*~*~ (stealth).
 11188 | Lair:3   | Reached skill level 12 in Axes
 11305 | Lair:3   | 11305 ||| Stepping ~*~*~tactically~*~*~ (stealth).
 11309 | Lair:3   | 11309 ||| Stepping ~*~*~tactically~*~*~ (stealth).
 11320 | Lair:3   | 11320 ||| INVOKING Heroism.
 11343 | Lair:3   | 11343 ||| Stepping ~*~*~tactically~*~*~ (stealth).
 11344 | Lair:3   | 11344 ||| INVOKING Finesse.
 11345 | Lair:3   | 11345 ||| SWAPPING to +1 hand axe of flaming.
 11352 | Lair:3   | 11352 ||| SWAPPING to +2 war axe of draining.
 11730 | Lair:3   | 11730 ||| INVOKING Heroism.
 11753 | Lair:3   | 11753 ||| Stepping ~*~*~tactically~*~*~ (stealth).
 11756 | Lair:3   | 11756 ||| Stepping ~*~*~tactically~*~*~ (stealth).
 11757 | Lair:3   | 11757 ||| Stepping ~*~*~tactically~*~*~ (stealth).
 11767 | Lair:3   | 11767 ||| Stepping ~*~*~tactically~*~*~ (hiding).
 11814 | Lair:3   | 11814 ||| Stepping ~*~*~tactically~*~*~ (stealth).
 11824 | Lair:3   | Found a staircase to the Swamp.
 12063 | Lair:4   | 12063 ||| INVOKING Heroism.
 12238 | Lair:4   | 12238 ||| INVOKING Heroism.
 12254 | Lair:4   | 12254 ||| Stepping ~*~*~tactically~*~*~ (stealth).
 12256 | Lair:4   | 12256 ||| Stepping ~*~*~tactically~*~*~ (stealth).
 12283 | Lair:4   | 12283 ||| INVOKING Heroism.
 12576 | Lair:4   | 12576 ||| INVOKING Heroism.
 12579 | Lair:4   | 12579 ||| SWAPPING to +1 hand axe of flaming.
 12590 | Lair:4   | 12590 ||| SWAPPING to +2 war axe of draining.
 12805 | Lair:4   | Gained mutation: Your large and strong wings let you fly.
                  | [Gargoyle growth]
 12805 | Lair:4   | Reached XP level 14. HP: 88/88 MP: 21/21
 12809 | Lair:4   | 12809 ||| INVOKING Heroism.
 12810 | Lair:4   | 12810 ||| INVOKING Finesse.
 12820 | Lair:4   | 12820 ||| READING 4 scrolls of teleportation.
 13064 | Lair:4   | Found a staircase to the Slime Pits.
 13079 | Lair:4   | 13079 ||| FLEEEEING.
 13081 | Lair:4   | 13081 ||| FLEEEEING.
 13082 | Lair:4   | 13082 ||| FLEEEEING.
 13120 | Lair:4   | Paralysed by a floating eye for 3 turns
 13131 | Lair:4   | Found a viscous altar of Jiyva.
 13424 | Lair:4   | 13424 ||| READING 2 scrolls labelled ZAXKOF TADOM.
 13425 | Lair:4   | 13425 ||| DROPPING scroll of fog.
 13442 | Lair:5   | Entered Level 5 of the Lair of Beasts
 13702 | Lair:5   | 13702 ||| Stepping ~*~*~tactically~*~*~ (hiding).
 13711 | Lair:5   | Reached skill level 15 in Shields
 13744 | Lair:5   | 13744 ||| Stepping ~*~*~tactically~*~*~ (stealth).
 13748 | Lair:5   | 13748 ||| INVOKING Heroism.
 13753 | Lair:5   | 13753 ||| SWAPPING to +1 hand axe of flaming.
 13760 | Lair:5   | 13760 ||| SWAPPING to +2 war axe of draining.
 13900 | Lair:5   | Found a glowing golden altar of the Shining One.
 13943 | Lair:5   | 13943 ||| Stepping ~*~*~tactically~*~*~ (hiding).
 14328 | Lair:5   | Reached skill level 3 in Throwing
 14342 | Lair:5   | Received a gift from Okawaru
 14343 | Lair:5   | Reached skill level 9 in Armour
 14347 | Lair:5   | 14347 ||| INVOKING Heroism.
 14457 | Lair:5   | 14457 ||| READING scroll of enchant weapon.
 14457 | Lair:5   | 14457 ||| ENCHANTING +2 war axe of draining.
 14564 | Lair:5   | 14564 ||| INVOKING Heroism.
 14565 | Lair:5   | 14565 ||| INVOKING Finesse.
 14778 | Lair:5   | 14778 ||| INVOKING Heroism.
 14798 | Lair:5   | 14798 ||| Stepping ~*~*~tactically~*~*~ (hiding).
 14897 | Lair:5   | 14897 ||| FLEEEEING.
 14910 | Lair:5   | 14910 ||| Stepping ~*~*~tactically~*~*~ (stealth).
 14912 | Lair:5   | 14912 ||| Stepping ~*~*~tactically~*~*~ (stealth).
 14914 | Lair:5   | 14914 ||| Stepping ~*~*~tactically~*~*~ (stealth).
 14936 | Lair:5   | 14936 ||| FLEEEEING.
 15000 | Lair:5   | 15000 ||| Stepping ~*~*~tactically~*~*~ (stealth).
 15068 | Lair:5   | 15068 ||| Stepping ~*~*~tactically~*~*~ (stealth).
 15078 | Lair:5   | 15078 ||| Stepping ~*~*~tactically~*~*~ (stealth).
 15080 | Lair:5   | 15080 ||| Stepping ~*~*~tactically~*~*~ (stealth).
 15095 | Lair:5   | Identified the +4 quarterstaff of Destiny {drain, *Slow rC+
                  | rN+++ Int+3}
 15102 | Lair:5   | Received a gift from Okawaru
 15116 | Lair:5   | 15116 ||| INVOKING Heroism.
 15130 | Lair:5   | 15130 ||| Stepping ~*~*~tactically~*~*~ (stealth).
 15235 | Lair:5   | 15235 ||| FLEEEEING.
 15236 | Lair:5   | 15236 ||| FLEEEEING.
 15237 | Lair:5   | 15237 ||| FLEEEEING.
 15238 | Lair:5   | 15238 ||| FLEEEEING.
 15239 | Lair:5   | 15239 ||| FLEEEEING.
 15241 | Lair:5   | 15241 ||| INVOKING Heroism.
 15261 | Lair:5   | Found a corrupted altar of Lugonu.
 15261 | Lair:5   | Found a one-way gate to the infinite horrors of the Abyss.
 15488 | Lair:5   | 15488 ||| PLANNING D:1-11
 15488 | Lair:5   | 15488 ||| UPGRADING to +0 pair of boots of stealth.
 15493 | Lair:5   | 15493 ||| UPGRADING to +0 pair of gloves.
 15498 | Lair:5   | 15498 ||| UPGRADING to +1 pair of gloves of hurling.
 15508 | Lair:5   | 15508 ||| DROPPING +0 pair of gloves.
 15509 | Lair:5   | 15509 ||| READING 10 scrolls of identify.
 15509 | Lair:5   | 15509 ||| IDENTIFYING glowing clear potion
 15647 | D:11     | 15647 ||| Stepping ~*~*~tactically~*~*~ (hiding).
 15648 | D:11     | 15648 ||| Stepping ~*~*~tactically~*~*~ (hiding).
 15650 | D:11     | 15650 ||| Stepping ~*~*~tactically~*~*~ (hiding).
 15651 | D:11     | 15651 ||| Stepping ~*~*~tactically~*~*~ (hiding).
 15846 | D:11     | 15846 ||| Stepping ~*~*~tactically~*~*~ (hiding).
 15847 | D:11     | 15847 ||| Stepping ~*~*~tactically~*~*~ (hiding).
 15957 | D:11     | Found a sacrificial altar of Ru.
 16096 | D:11     | 16096 ||| Stepping ~*~*~tactically~*~*~ (stealth).
 16242 | D:11     | 16242 ||| PLANNING D
 16242 | D:11     | 16242 ||| DROPPING ring of magical power.
 16243 | D:11     | 16243 ||| DRINKING 2 ruby potions.
 16348 | D:11     | 16348 ||| DROPPING potion of berserk rage.
 16387 | D:12     | 16387 ||| PLANNING GAUNTLET
 16555 | D:12     | Found a gate leading to a gauntlet.
 16562 | Gauntlet | Entered a Gauntlet
 16562 | Gauntlet | Found a transporter.
 16562 | Gauntlet | Found a transporter.
 16562 | Gauntlet | Found a large runed translucent door.
 16562 | Gauntlet | Found a large runed translucent door.
 16562 | Gauntlet | Found a large runed translucent door.
 16562 | Gauntlet | Found a large runed translucent door.
 16562 | Gauntlet | Found a large runed translucent door.
 16562 | Gauntlet | Found a large runed translucent door.
 16562 | Gauntlet | Found a runed translucent door.
 16562 | Gauntlet | Found a runed translucent door.
 16562 | Gauntlet | Found a large runed translucent door.
 16562 | Gauntlet | Found a large runed translucent door.
 16562 | Gauntlet | Found a large runed translucent door.
 16562 | Gauntlet | Found a large runed translucent door.
 16562 | Gauntlet | Found a large runed translucent door.
 16562 | Gauntlet | Found a large runed translucent door.
 16566 | Gauntlet | Found a transporter.
 16566 | Gauntlet | Found a transporter.
 16570 | Gauntlet | Found a large runed translucent door.
 16570 | Gauntlet | Found a large runed translucent door.
 16576 | Gauntlet | Found a transporter.
 16586 | Gauntlet | Found a transporter.
 16586 | Gauntlet | Found a transporter.
 16590 | Gauntlet | Found a transporter.
 16625 | Gauntlet | Found a transporter.
 16632 | Gauntlet | Found a transporter.
 16652 | Gauntlet | Found a transporter.
 16662 | Gauntlet | Found a runed translucent gate.
 16662 | Gauntlet | Found a runed translucent gate.
 16662 | Gauntlet | Found a runed translucent gate.
 16664 | Gauntlet | Found a transporter.
 16682 | Gauntlet | Found a large runed translucent door.
 16683 | Gauntlet | Found a large runed translucent door.
 16710 | Gauntlet | Found a transporter.
 16726 | Gauntlet | Found a transporter.
 16827 | Gauntlet | Found a transporter.
 16841 | Gauntlet | Found a transporter.
 16989 | Gauntlet | 16989 ||| INVOKING Heroism.
 17096 | Gauntlet | Identified the ring "Cevi" {Contam rPois rF+ rC+ MP+9}
 17098 | Gauntlet | 17098 ||| DROPPING ring of ice.
 17099 | Gauntlet | 17099 ||| UPGRADING to ring "Cevi" {Contam rPois rF+ rC+
                  | MP+9}.
 17141 | Gauntlet | 17141 ||| READING 9 scrolls of identify.
 17141 | Gauntlet | 17141 ||| IDENTIFYING sapphire potion
 17142 | Gauntlet | 17142 ||| DROPPING potion of brilliance.
 17160 | Gauntlet | 17160 ||| INVOKING Heroism.
 17161 | Gauntlet | 17161 ||| INVOKING Finesse.
 17219 | Gauntlet | 17219 ||| Stepping randomly (stuck).
 17220 | Gauntlet | 17220 ||| Stepping randomly (stuck).
 17221 | Gauntlet | 17221 ||| Stepping randomly (stuck).
 17222 | Gauntlet | 17222 ||| Stepping randomly (stuck).
 17223 | Gauntlet | 17223 ||| Stepping randomly (stuck).
 17224 | Gauntlet | 17224 ||| Stepping randomly (stuck).
 17225 | Gauntlet | 17225 ||| Stepping randomly (stuck).
 17226 | Gauntlet | 17226 ||| Stepping randomly (stuck).
 17227 | Gauntlet | 17227 ||| Stepping randomly (stuck).
 17228 | Gauntlet | 17228 ||| Stepping randomly (stuck).
 17229 | Gauntlet | 17229 ||| Stepping randomly (stuck).
 17230 | Gauntlet | 17230 ||| Stepping randomly (stuck).
 17231 | Gauntlet | 17231 ||| Stepping randomly (stuck).
 17232 | Gauntlet | 17232 ||| Stepping randomly (stuck).
 17233 | Gauntlet | 17233 ||| Stepping randomly (stuck).
 17234 | Gauntlet | 17234 ||| Stepping randomly (stuck).
 17235 | Gauntlet | 17235 ||| Stepping randomly (stuck).
 17236 | Gauntlet | 17236 ||| Stepping randomly (stuck).
 17248 | Gauntlet | Identified the +0 hat of Inaction {Will- Str+3 Dex+5
                  | Slay+3}
 17250 | Gauntlet | 17250 ||| UPGRADING to +0 hat of Inaction {Will- Str+3
                  | Dex+5 Slay+3}.
 17260 | Gauntlet | 17260 ||| DROPPING +1 helmet.
 17276 | Gauntlet | 17276 ||| Stepping ~*~*~tactically~*~*~ (hiding).
 17279 | Gauntlet | 17279 ||| INVOKING Heroism.
 17445 | Gauntlet | 17445 ||| READING 2 scrolls of enchant weapon.
 17445 | Gauntlet | 17445 ||| ENCHANTING +3 war axe of draining.
 17446 | Gauntlet | 17446 ||| READING scroll of enchant weapon.
 17446 | Gauntlet | 17446 ||| ENCHANTING +4 war axe of draining.
 17484 | Gauntlet | 17484 ||| UPGRADING to +2 cloak of preservation.
 17494 | Gauntlet | 17494 ||| DROPPING +1 cloak.
 17509 | D:12     | 17509 ||| PLANNING D
 17534 | D:12     | Reached XP level 15. HP: 93/93 MP: 22/22
 17554 | D:12     | Found a staircase to the Orcish Mines.
 17641 | D:12     | Reached skill level 3 in Dodging
 17746 | D:12     | 17746 ||| Stepping ~*~*~tactically~*~*~ (stealth).
 17748 | D:12     | 17748 ||| Stepping ~*~*~tactically~*~*~ (hiding).
 17955 | D:12     | 17955 ||| Stepping ~*~*~tactically~*~*~ (hiding).
 18396 | D:13     | 18396 ||| Stepping ~*~*~tactically~*~*~ (hiding).
 18406 | D:13     | 18406 ||| INVOKING Heroism.
 18504 | D:13     | 18504 ||| DROPPING +0 war axe.
 18506 | D:13     | 18506 ||| Stepping ~*~*~tactically~*~*~ (stealth).
 18508 | D:13     | 18508 ||| Stepping ~*~*~tactically~*~*~ (hiding).
 18511 | D:13     | 18511 ||| Stepping ~*~*~tactically~*~*~ (hiding).
 18516 | D:13     | 18516 ||| DRINKING 6 potions of curing.
 18516 | D:13     | 18516 ||| (to cure confusion)
 18659 | D:13     | 18659 ||| Stepping ~*~*~tactically~*~*~ (stealth).
 18661 | D:13     | 18661 ||| Stepping ~*~*~tactically~*~*~ (hiding).
 18664 | D:13     | 18664 ||| Stepping ~*~*~tactically~*~*~ (hiding).
 18671 | D:13     | Reached skill level 16 in Shields
 18833 | D:13     | 18833 ||| Stepping ~*~*~tactically~*~*~ (hiding).
 18834 | D:13     | 18834 ||| Stepping ~*~*~tactically~*~*~ (hiding).
 18835 | D:13     | 18835 ||| Stepping ~*~*~tactically~*~*~ (hiding).
 19195 | D:13     | 19195 ||| INVOKING Heroism.
 19220 | D:13     | Reached skill level 6 in Throwing
 19343 | D:13     | 19343 ||| Stepping ~*~*~tactically~*~*~ (hiding).
 19345 | D:13     | 19345 ||| Stepping ~*~*~tactically~*~*~ (hiding).
 19505 | D:13     | Found a gate to the Vaults.
 19666 | D:13     | 19666 ||| DROPPING scarf of shadows.
 19694 | D:14     | 19694 ||| STAIRDANCE
 19697 | D:13     | 19697 ||| INVOKING Heroism.
 19856 | D:14     | 19856 ||| INVOKING Heroism.
 19860 | D:14     | Received a gift from Okawaru
 19978 | D:14     | 19978 ||| Stepping ~*~*~tactically~*~*~ (hiding).
 19987 | D:14     | 19987 ||| Stepping ~*~*~tactically~*~*~ (stealth).
 19989 | D:14     | 19989 ||| Stepping ~*~*~tactically~*~*~ (hiding).
 20008 | D:14     | Received a gift from Okawaru
 20008 | D:14     | Found the +15 Maxwell's patent armour {-Cast -Tele rElec
                  | Will+ rCorr}
 20008 | Abyss:2  | Cast into level 2 of the Abyss (a wizard)
 20009 | Abyss:2  | Reached skill level 15 in Axes
 20026 | Abyss:2  | 20026 ||| Stepping ~*~*~tactically~*~*~ (hiding).
 20032 | Abyss:2  | 20032 ||| INVOKING Heroism.
 20060 | Abyss:2  | 20060 ||| Stepping ~*~*~tactically~*~*~ (stealth).
 20089 | Abyss:2  | 20089 ||| INVOKING Heroism.
 20238 | Abyss:2  | Noticed a tentacled starspawn
 20247 | Abyss:2  | Killed a tentacled starspawn
 20388 | Abyss:2  | 20388 ||| INVOKING Heroism.
 20419 | Abyss:2  | 20419 ||| Stepping ~*~*~tactically~*~*~ (stealth).
 20446 | Abyss:2  | 20446 ||| Stepping ~*~*~tactically~*~*~ (stealth).
 20522 | Abyss:2  | 20522 ||| Stepping ~*~*~tactically~*~*~ (stealth).
 20527 | Abyss:2  | Reached XP level 16. HP: 80/100 MP: 23/23
 20535 | Abyss:2  | 20535 ||| Stepping ~*~*~tactically~*~*~ (stealth).
 20595 | Abyss:2  | 20595 ||| INVOKING Heroism.
 20601 | Abyss:2  | HP: 19/100 [something (7)]
 20602 | Abyss:2  | 20602 ||| READING 5 scrolls of teleportation.
 20608 | Abyss:2  | HP: 8/100 [starcursed mass/accursed screaming (8)]
 20609 | Abyss:2  | HP: 1/100 [starcursed mass/accursed screaming (7)]
 20611 | Abyss:2  | 20611 ||| INVOKING Heroism.
 20651 | Abyss:2  | 20651 ||| READING 4 scrolls of teleportation.
 20655 | Abyss:2  | 20655 ||| INVOKING Heroism.
 20691 | Abyss:2  | 20691 ||| INVOKING Heroism.
 20700 | Abyss:2  | Reached skill level 12 in Fighting
 20755 | Abyss:2  | 20755 ||| INVOKING Heroism.
 20756 | Abyss:2  | Noticed a tentacled starspawn
 20757 | Abyss:2  | 20757 ||| Stepping ~*~*~tactically~*~*~ (stealth).
 20793 | Abyss:2  | Noticed a profane servitor
 20794 | Abyss:2  | 20794 ||| Stepping ~*~*~tactically~*~*~ (stealth).
 20796 | Abyss:2  | 20796 ||| Stepping ~*~*~tactically~*~*~ (stealth).
 20811 | Abyss:2  | 20811 ||| Stepping ~*~*~tactically~*~*~ (stealth).
 20812 | Abyss:2  | 20812 ||| Stepping ~*~*~tactically~*~*~ (stealth).
 20845 | Abyss:2  | 20845 ||| Stepping ~*~*~tactically~*~*~ (stealth).
 20847 | Abyss:2  | 20847 ||| Stepping ~*~*~tactically~*~*~ (stealth).
 20861 | Abyss:2  | 20861 ||| INVOKING Heroism.
 20867 | Abyss:2  | 20867 ||| Stepping ~*~*~tactically~*~*~ (stealth).
 20869 | Abyss:2  | 20869 ||| Stepping ~*~*~tactically~*~*~ (stealth).
 20870 | Abyss:2  | 20870 ||| Stepping ~*~*~tactically~*~*~ (stealth).
 20881 | Abyss:2  | 20881 ||| Stepping ~*~*~tactically~*~*~ (stealth).
 20884 | Abyss:2  | 20884 ||| Stepping ~*~*~tactically~*~*~ (stealth).
 20885 | Abyss:2  | 20885 ||| Stepping ~*~*~tactically~*~*~ (stealth).
 20886 | Abyss:2  | 20886 ||| Stepping ~*~*~tactically~*~*~ (stealth).
 20887 | Abyss:2  | 20887 ||| Stepping ~*~*~tactically~*~*~ (stealth).
 20905 | Abyss:2  | Noticed a tentacled starspawn
 20906 | Abyss:2  | 20906 ||| INVOKING Heroism.
 20913 | Abyss:2  | Killed a tentacled starspawn
 20914 | Abyss:2  | HP: 23/101 [purple draconian shifter/bolt of dispelling
                  | energy (32)]
 20916 | D:14     | Escaped the Abyss
 20917 | D:14     | 20917 ||| READING 3 scrolls of teleportation.
 20921 | D:14     | HP: 23/101 [tentacled starspawn (2)]
 20922 | D:14     | Killed a tentacled starspawn
 21012 | D:14     | 21012 ||| INVOKING Heroism.
 21097 | D:14     | 21097 ||| Stepping ~*~*~tactically~*~*~ (stealth).
 21199 | D:14     | Found a runed translucent gate.
 21255 | D:14     | 21255 ||| Stepping ~*~*~tactically~*~*~ (hiding).
 21256 | D:14     | 21256 ||| Stepping ~*~*~tactically~*~*~ (hiding).
 21469 | D:14     | 21469 ||| READING scroll of enchant armour.
 21469 | D:14     | 21469 ||| ENCHANTING +1 pair of gloves of hurling.
 21629 | D:14     | 21629 ||| READING scroll of enchant weapon.
 21629 | D:14     | 21629 ||| ENCHANTING +5 war axe of draining.
 21655 | D:14     | 21655 ||| INVOKING Heroism.
 21657 | D:14     | 21657 ||| SWAPPING to +1 hand axe of flaming.
 21663 | D:14     | 21663 ||| SWAPPING to +6 war axe of draining.
 21691 | D:14     | 21691 ||| Stepping ~*~*~tactically~*~*~ (stealth).
 21731 | D:14     | Found a runed translucent gate.
 21731 | D:14     | Found a runed translucent gate.
 21735 | D:14     | Noticed Sagy's ghost (journeyman GrFi)
 21735 | D:14     | Noticed Cove's ghost (journeyman GrFi)
 21735 | D:14     | Noticed Imiczer's ghost (journeyman FoFi)
 21767 | D:14     | Identified the +4 robe of a ziggurat {rN+ Int+2}
 21934 | D:14     | Noticed Agnes
 21935 | D:14     | 21935 ||| INVOKING Heroism.
 21939 | D:14     | Killed Agnes
 22012 | D:14     | 22012 ||| UPGRADING to amulet of the acrobat.
 22026 | D:14     | 22026 ||| READING scroll labelled NIVEOH HAFASS.
 22112 | D:15     | Entered Level 15 of the Dungeon
 22131 | D:15     | 22131 ||| INVOKING Heroism.
 22135 | D:15     | 22135 ||| DRINKING 9 potions of curing.
 22135 | D:15     | 22135 ||| (to cure confusion)
 22139 | D:15     | 22139 ||| DRINKING 8 potions of curing.
 22139 | D:15     | 22139 ||| (to cure confusion)
 22251 | D:15     | 22251 ||| Stepping ~*~*~tactically~*~*~ (stealth).
 22316 | D:15     | 22316 ||| Stepping ~*~*~tactically~*~*~ (stealth).
 22317 | D:15     | 22317 ||| Stepping ~*~*~tactically~*~*~ (stealth).
 22352 | D:15     | Found a portal to a secret trove of treasure.
 22356 | D:15     | 22356 ||| INVOKING Heroism.
 22359 | D:15     | 22359 ||| SWAPPING to +1 hand axe of flaming.
 22367 | D:15     | 22367 ||| SWAPPING to +6 war axe of draining.
 22417 | D:15     | Found a glowing silver altar of Zin.
 22418 | D:15     | Found a glowing golden altar of the Shining One.
 22421 | D:15     | Found a white marble altar of Elyvilon.
 22615 | D:15     | 22615 ||| Stepping ~*~*~tactically~*~*~ (hiding).
 22726 | D:15     | Found a staircase to the Depths.
 22727 | D:15     | 22727 ||| INVOKING Heroism.
 22891 | D:15     | 22891 ||| PLANNING ORC
 22984 | Orc:1    | Entered Level 1 of the Orcish Mines
 23227 | Orc:2    | Entered Level 2 of the Orcish Mines
 23232 | Orc:2    | Found a staircase to the Elven Halls.
 23315 | Orc:2    | 23315 ||| Stepping ~*~*~tactically~*~*~ (hiding).
 23318 | Orc:2    | 23318 ||| Stepping ~*~*~tactically~*~*~ (hiding).
 23318 | Orc:2    | Noticed qw's ghost (adept GrHu)
 23319 | Orc:2    | 23319 ||| Stepping ~*~*~tactically~*~*~ (hiding).
 23355 | Orc:2    | 23355 ||| Stepping ~*~*~tactically~*~*~ (hiding).
 23357 | Orc:2    | 23357 ||| Stepping ~*~*~tactically~*~*~ (hiding).
 23359 | Orc:2    | 23359 ||| Stepping ~*~*~tactically~*~*~ (hiding).
 23381 | Orc:2    | 23381 ||| Stepping ~*~*~tactically~*~*~ (hiding).
 23564 | Orc:2    | 23564 ||| DRINKING 8 potions of curing.
 23564 | Orc:2    | 23564 ||| (to cure confusion)
 23604 | Orc:2    | 23604 ||| INVOKING Heroism.
 23623 | Orc:2    | HP: 24/101 [orc warlord/+0 battleaxe (21)]
 23624 | Orc:2    | 23624 ||| READING 2 scrolls of teleportation.
 23631 | Orc:2    | 23631 ||| INVOKING Heroism.
 23633 | Orc:2    | 23633 ||| Stepping ~*~*~tactically~*~*~ (stealth).
 23644 | Orc:2    | 23644 ||| Stepping ~*~*~tactically~*~*~ (stealth).
 23645 | Orc:2    | 23645 ||| Stepping ~*~*~tactically~*~*~ (stealth).
 23658 | Orc:2    | 23658 ||| Stepping ~*~*~tactically~*~*~ (stealth).
 23660 | Orc:2    | 23660 ||| Stepping ~*~*~tactically~*~*~ (stealth).
 23661 | Orc:2    | 23661 ||| Stepping ~*~*~tactically~*~*~ (stealth).
 23662 | Orc:2    | 23662 ||| Stepping ~*~*~tactically~*~*~ (stealth).
 23670 | Orc:2    | 23670 ||| INVOKING Heroism.
 23856 | Orc:2    | 23856 ||| Stepping ~*~*~tactically~*~*~ (stealth).
 23858 | Orc:2    | 23858 ||| Stepping ~*~*~tactically~*~*~ (stealth).
 23864 | Orc:2    | 23864 ||| Stepping ~*~*~tactically~*~*~ (hiding).
 23909 | Orc:2    | Found Tyvogimm's Book Shoppe.
 23915 | Orc:2    | 23915 ||| SWAPPING to +2 vampiric war axe.
 23918 | Orc:1    | 23918 ||| INVOKING Heroism.
 24097 | Orc:1    | 24097 ||| INVOKING Heroism.
 24194 | Orc:2    | Noticed Sonja
 24195 | Orc:2    | 24195 ||| Stepping ~*~*~tactically~*~*~ (stealth).
 24196 | Orc:2    | 24196 ||| Stepping ~*~*~tactically~*~*~ (stealth).
 24197 | Orc:2    | 24197 ||| Stepping ~*~*~tactically~*~*~ (stealth).
 24201 | Orc:2    | 24201 ||| Stepping ~*~*~tactically~*~*~ (stealth).
 24220 | Orc:2    | 24220 ||| Stepping ~*~*~tactically~*~*~ (stealth).
 24221 | Orc:2    | 24221 ||| Stepping ~*~*~tactically~*~*~ (stealth).
 24240 | Orc:2    | Killed Sonja
 24241 | Orc:2    | Reached skill level 17 in Shields
 24260 | Orc:2    | 24260 ||| Stepping ~*~*~tactically~*~*~ (stealth).
 24264 | Orc:2    | 24264 ||| INVOKING Heroism.
 24270 | Orc:2    | 24270 ||| Stepping ~*~*~tactically~*~*~ (hiding).
 24426 | Orc:2    | 24426 ||| Stepping ~*~*~tactically~*~*~ (stealth).
 24456 | Orc:2    | 24456 ||| DRINKING 7 potions of curing.
 24456 | Orc:2    | 24456 ||| (to cure confusion)
 24458 | Orc:2    | 24458 ||| INVOKING Heroism.
 24463 | Orc:2    | Received a gift from Okawaru
 24490 | Orc:2    | Found Kecwoal's Antique Weapon Emporium.
 24502 | Orc:2    | Found Zugeg's Antique Armour Shoppe.
 24543 | Orc:2    | Found a runed translucent gate.
 24543 | Orc:2    | Found a runed translucent gate.
 24543 | Orc:2    | Found a runed translucent gate.
 24681 | Orc:2    | Found Izeijo Itoi's Assorted Antiques.
 24689 | Orc:2    | 24689 ||| BUYING potion of heal wounds (170 gold).
 24689 | Orc:2    | Bought a potion of heal wounds for 170 gold pieces
 24689 | Orc:2    | 24689 ||| BUYING scroll of enchant armour (255 gold).
 24689 | Orc:2    | Bought a scroll of enchant armour for 255 gold pieces
 24689 | Orc:2    | 24689 ||| READING scroll of enchant armour.
 24689 | Orc:2    | 24689 ||| ENCHANTING +0 pair of boots of stealth.
 24745 | Orc:2    | 24745 ||| DRINKING 6 potions of curing.
 24745 | Orc:2    | 24745 ||| (to cure confusion)
 24750 | Orc:2    | Found Vewov's Jewellery Boutique.
 24774 | Orc:2    | 24774 ||| PLANNING SWAMP:1-3
 24935 | Swamp:1  | Entered Level 1 of the Swamp
 24936 | Swamp:1  | 24936 ||| INVOKING Heroism.
 24937 | Swamp:1  | 24937 ||| SWAPPING to +1 hand axe of flaming.
 24948 | Swamp:1  | 24948 ||| SWAPPING to +2 vampiric war axe.
 25092 | Swamp:1  | 25092 ||| INVOKING Heroism.
 25098 | Swamp:1  | Reached skill level 12 in Armour
 25124 | Swamp:1  | 25124 ||| INVOKING Heroism.
 25173 | Swamp:1  | 25173 ||| INVOKING Heroism.
 25175 | Swamp:1  | 25175 ||| SWAPPING to +1 hand axe of flaming.
 25184 | Swamp:1  | 25184 ||| SWAPPING to +2 vampiric war axe.
 25242 | Swamp:1  | Found a transporter.
 25243 | Swamp:1  | Noticed a tentacled monstrosity
 25245 | Swamp:1  | Noticed a fenstrider witch
 25245 | Swamp:1  | Noticed a tentacled monstrosity
 25246 | Swamp:1  | Noticed a tentacled monstrosity
 25251 | Swamp:1  | 25251 ||| READING scroll of enchant weapon.
 25251 | Swamp:1  | 25251 ||| ENCHANTING +2 vampiric war axe.
 25255 | Swamp:1  | Found a transporter.
 25257 | Swamp:1  | 25257 ||| Stepping ~*~*~tactically~*~*~ (hiding).
 25261 | Swamp:1  | 25261 ||| INVOKING Heroism.
 25264 | Swamp:1  | 25264 ||| SWAPPING to +1 hand axe of flaming.
 25274 | Swamp:1  | 25274 ||| SWAPPING to +3 vampiric war axe.
 25302 | Swamp:1  | 25302 ||| Stepping ~*~*~tactically~*~*~ (cloud).
 25400 | Swamp:1  | 25400 ||| INVOKING Heroism.
 25431 | Swamp:1  | 25431 ||| INVOKING Heroism.
 25765 | Swamp:1  | 25765 ||| DROPPING +6 ring of dexterity.
 25804 | Swamp:2  | 25804 ||| STAIRDANCE
 25851 | Swamp:2  | 25851 ||| INVOKING Heroism.
 25854 | Swamp:2  | Received a gift from Okawaru
 25855 | Swamp:2  | Reached XP level 17. HP: 108/108 MP: 24/24
 25914 | Swamp:2  | 25914 ||| Stepping ~*~*~tactically~*~*~ (hiding).
 25916 | Swamp:2  | 25916 ||| Stepping ~*~*~tactically~*~*~ (hiding).
 26026 | Swamp:2  | 26026 ||| Stepping ~*~*~tactically~*~*~ (hiding).
 26029 | Swamp:2  | 26029 ||| INVOKING Heroism.
 26105 | Swamp:2  | 26105 ||| INVOKING Heroism.
 26128 | Swamp:2  | 26128 ||| Stepping ~*~*~tactically~*~*~ (stealth).
 26129 | Swamp:2  | 26129 ||| Stepping ~*~*~tactically~*~*~ (stealth).
 26131 | Swamp:2  | 26131 ||| Stepping ~*~*~tactically~*~*~ (hiding).
 26173 | Swamp:2  | 26173 ||| Stepping ~*~*~tactically~*~*~ (hiding).
 26197 | Swamp:2  | 26197 ||| Stepping ~*~*~tactically~*~*~ (stealth).
 26205 | Swamp:2  | 26205 ||| INVOKING Heroism.
 26208 | Swamp:2  | 26208 ||| SWAPPING to +1 hand axe of flaming.
 26213 | Swamp:2  | 26213 ||| Stepping ~*~*~tactically~*~*~ (hiding).
 26214 | Swamp:2  | 26214 ||| SWAPPING to +3 vampiric war axe.
 26328 | Swamp:2  | 26328 ||| INVOKING Heroism.
 26504 | Swamp:2  | 26504 ||| Stepping ~*~*~tactically~*~*~ (stealth).
 26749 | Swamp:3  | 26749 ||| Stepping ~*~*~tactically~*~*~ (hiding).
 26785 | Swamp:3  | 26785 ||| Stepping ~*~*~tactically~*~*~ (hiding).
 26787 | Swamp:3  | 26787 ||| INVOKING Heroism.
 26813 | Swamp:3  | 26813 ||| INVOKING Heroism.
 26919 | Swamp:3  | 26919 ||| Stepping ~*~*~tactically~*~*~ (hiding).
 26922 | Swamp:3  | 26922 ||| INVOKING Heroism.
 27119 | Swamp:3  | 27119 ||| INVOKING Heroism.
 27217 | Swamp:3  | 27217 ||| PLANNING SPIDER:1-3
 27217 | Swamp:3  | 27217 ||| DROPPING ring of see invisible.
 27328 | Spider:1 | Entered Level 1 of the Spider Nest
 27329 | Spider:1 | 27329 ||| Stepping randomly (disturbance).
 27330 | Spider:1 | 27330 ||| Stepping randomly (disturbance).
 27361 | Spider:1 | 27361 ||| Stepping ~*~*~tactically~*~*~ (stealth).
 27405 | Spider:1 | 27405 ||| INVOKING Heroism.
 27424 | Spider:1 | 27424 ||| Stepping ~*~*~tactically~*~*~ (stealth).
 27429 | Spider:1 | 27429 ||| Stepping ~*~*~tactically~*~*~ (stealth).
 27430 | Spider:1 | 27430 ||| Stepping ~*~*~tactically~*~*~ (stealth).
 27511 | Spider:1 | Received a gift from Okawaru
 27528 | Spider:1 | 27528 ||| Stepping ~*~*~tactically~*~*~ (stealth).
 27542 | Spider:1 | 27542 ||| Stepping ~*~*~tactically~*~*~ (stealth).
 27636 | Spider:1 | 27636 ||| INVOKING Heroism.
 27869 | Spider:1 | 27869 ||| INVOKING Heroism.
 27871 | Spider:1 | 27871 ||| Stepping ~*~*~tactically~*~*~ (stealth).
 27879 | Spider:1 | Received a gift from Okawaru
 27896 | Spider:1 | 27896 ||| Stepping ~*~*~tactically~*~*~ (stealth).
 27898 | Spider:1 | 27898 ||| Stepping ~*~*~tactically~*~*~ (stealth).
 28002 | Spider:1 | Found a runed translucent door.
 28002 | Spider:1 | Noticed qw's ghost (adept GrFi)
 28058 | Spider:1 | 28058 ||| Stepping ~*~*~tactically~*~*~ (stealth).
 28419 | Spider:2 | 28419 ||| INVOKING Heroism.
 28429 | Spider:2 | Reached skill level 18 in Shields
 28562 | Spider:2 | 28562 ||| INVOKING Heroism.
 28570 | Spider:2 | Received a gift from Okawaru
 28580 | Spider:2 | 28580 ||| Stepping ~*~*~tactically~*~*~ (hiding).
 28593 | Spider:2 | 28593 ||| DRINKING 7 potions of curing.
 28593 | Spider:2 | 28593 ||| (to cure confusion)
 28594 | Spider:2 | 28594 ||| DRINKING 6 potions of curing.
 28594 | Spider:2 | 28594 ||| (to cure confusion)
 28595 | Spider:2 | 28595 ||| INVOKING Heroism.
 28602 | Spider:2 | 28602 ||| DRINKING 5 potions of curing.
 28602 | Spider:2 | 28602 ||| (to cure confusion)
 28605 | Spider:2 | Received a gift from Okawaru
 28607 | Spider:2 | 28607 ||| DRINKING 4 potions of curing.
 28607 | Spider:2 | 28607 ||| (to cure confusion)
 28633 | Spider:2 | Reached skill level 15 in Fighting
 28656 | Spider:2 | 28656 ||| STAIRDANCE
 28898 | Spider:2 | 28898 ||| Stepping ~*~*~tactically~*~*~ (hiding).
 28924 | Spider:2 | 28924 ||| DRINKING 2 potions of cancellation.
 28958 | Spider:2 | 28958 ||| Stepping ~*~*~tactically~*~*~ (stealth).
 28959 | Spider:2 | 28959 ||| INVOKING Heroism.
 28999 | Spider:2 | 28999 ||| Stepping ~*~*~tactically~*~*~ (stealth).
 29003 | Spider:2 | 29003 ||| INVOKING Heroism.
 29051 | Spider:2 | 29051 ||| INVOKING Heroism.
 29065 | Spider:2 | Received a gift from Okawaru
 29069 | Spider:2 | Reached XP level 18. HP: 96/119 MP: 25/25
 29143 | Spider:2 | 29143 ||| Stepping ~*~*~tactically~*~*~ (stealth).
 29144 | Spider:2 | 29144 ||| DROPPING +1 hand axe of flaming.
 29151 | Spider:2 | 29151 ||| Stepping ~*~*~tactically~*~*~ (stealth).
 29237 | Spider:2 | 29237 ||| READING scroll of enchant armour.
 29237 | Spider:2 | 29237 ||| ENCHANTING +1 pair of boots of stealth.
 29386 | Spider:2 | Identified the +4 short sword "Ischyruna" {pain, Str+4}
 29449 | Spider:2 | 29449 ||| Stepping ~*~*~tactically~*~*~ (stealth).
 29468 | Spider:2 | Received a gift from Okawaru
 29562 | Spider:2 | 29562 ||| DROPPING +1 hat.
 29577 | Spider:3 | 29577 ||| INVOKING Heroism.
 29599 | Spider:3 | Received a gift from Okawaru
 29656 | Spider:3 | 29656 ||| Stepping ~*~*~tactically~*~*~ (hiding).
 29701 | Spider:3 | 29701 ||| INVOKING Heroism.
 29737 | Spider:3 | 29737 ||| Stepping ~*~*~tactically~*~*~ (stealth).
 29848 | Spider:3 | 29848 ||| INVOKING Heroism.
 29861 | Spider:3 | Received a gift from Okawaru
 29878 | Spider:3 | 29878 ||| INVOKING Heroism.
 30234 | Spider:3 | 30234 ||| Stepping ~*~*~tactically~*~*~ (stealth).
 30242 | Spider:3 | 30242 ||| Stepping ~*~*~tactically~*~*~ (stealth).
 30244 | Spider:3 | 30244 ||| Stepping ~*~*~tactically~*~*~ (stealth).
 30244 | Spider:3 | Noticed Arachne
 30255 | Spider:3 | 30255 ||| INVOKING Heroism.
 30279 | Spider:3 | Killed Arachne
 30279 | Spider:3 | Received a gift from Okawaru
 30299 | Spider:3 | Identified the +0 ring mail of the Sea {Stlth+}
 30611 | Spider:3 | Noticed Louise
 30640 | Spider:3 | Killed Louise
 30734 | Spider:3 | Noticed Bai Suzhen
 30735 | Spider:3 | 30735 ||| INVOKING Heroism.
 30756 | Spider:3 | HP: 24/119 [14-headed hydra[Bai Suzhen] (6)]
 30756 | Spider:3 | HP: 3/119 [ten-headed hydra[Bai Suzhen] (9)]
 30757 | Spider:3 | 30757 ||| READING 2 scrolls of teleportation.
 30758 | Spider:3 | 30758 ||| DRINKING potion of heal wounds.
 30983 | Spider:3 | 30983 ||| Stepping ~*~*~tactically~*~*~ (hiding).
 30984 | Spider:3 | 30984 ||| Stepping ~*~*~tactically~*~*~ (hiding).
 30986 | Spider:3 | 30986 ||| Stepping ~*~*~tactically~*~*~ (hiding).
 30987 | Spider:3 | 30987 ||| Stepping ~*~*~tactically~*~*~ (hiding).
 30988 | Spider:3 | 30988 ||| INVOKING Heroism.
 31015 | Spider:3 | HP: 22/119 [meliai/divine providence (12)]
 31016 | Spider:3 | 31016 ||| READING scroll of teleportation.
 31016 | Spider:3 | Blown up by an orb spider

Levels and vault maps discovered:
D:1:      minmay_arrival_four_houses, layout_rooms, serial_shops,
          nicolae_book_shop_shelving, minmay_split_cup_large
D:2:      layout_basic, chequers_decorated_corner
D:3:      layout_rooms, trog_book, chequers_serial_rivers_small_a
D:4:      layout_basic, mainiacjoe_overflow_swirl, nicolae_tso_carved_into_rock,
          temple_statues, uniq_sigmund, uniq_edmund, uniq_crazy_yiuf_cottage
D:5:      layout_basic, st_stairs_7, nicolae_shop_fire_sale
          [nicolae_sub_dead_trees]
D:6:      layout_gridville, gup_sewer_entry_pipe, corexii_corridor_pit
D:7:      layout_basic, mainiacjoe_overflow_24_doors, serial_shops, shop,
          nicolae_lava_and_water, nicolae_wooded_promenade, uniq_joseph,
          uniq_menkaure
D:8:      layout_rooms, kennysheep_nondescript, uniq_pikel
D:9:      layout_rooms, nicolae_overflow_hidden_temple, serial_shops,
          nicolae_shop_tiny_statue_garden, minmay_misc_feat_chi, abandoned_shop,
          uniq_grum
D:10:     layout_basic, due_lair_maze_entry_diamond, serial_corexii_hall,
          chequers_hall_statues_wall_a, corexii_hall_statues_i, uniq_maurice
D:11:     layout_rooms, minivault_26, nicolae_ru_awakened_eye
D:12:     layout_stronghold, orc_0_dummy, portal_ice_cave_rime,
          gauntlet_entry_generic
D:13:     layout_irregular_city, david_vaults_5, hangedman_decor_riveting
D:14:     layout_long_grid, gammafunk_ghost_cemetery, minmay_shattered_shrine,
          uniq_agnes
D:15:     grunt_enter_depths_snipers, layout_cave_pools, good_gods_temple_1,
          nicolae_trove_entry_crossroad, nicolae_letterblocks
          [nicolae_letter_subblock, nicolae_letter_subblock,
          nicolae_letter_subblock, nicolae_letter_subblock,
          nicolae_letter_subblock, nicolae_letter_subblock,
          nicolae_letter_subblock, nicolae_letter_subblock,
          nicolae_letter_subblock, nicolae_letter_subblock,
          nicolae_letter_subblock, nicolae_letter_subblock,
          nicolae_letter_subblock, nicolae_letter_subblock,
          nicolae_letter_subblock, nicolae_letter_subblock,
          nicolae_letter_subblock, nicolae_letter_subblock,
          nicolae_letter_subblock, nicolae_letter_subblock,
          nicolae_letter_subblock, nicolae_letter_subblock,
          nicolae_letter_subblock, nicolae_letter_subblock,
          nicolae_letter_subblock]
Lair:1:   layout_chaotic_city, nicolae_lair_lindhole
Lair:2:   layout_layer_cave, spider_nest_entry_rubble, beast_lair_carwin_9
Lair:3:   layout_layer_cave, minmay_swamp_entry_reptiles,
          infiniplex_staircase_pool, serial_bayou_shore_b, grunt_megastairs_2
Lair:4:   layout_regular_city, nicolae_slime_entry_field_trip, disabler_island
Lair:5:   hellmonk_lair_end_abyssal_woods, layout_small_grid, basic_altar, pond
Swamp:1:  gammafunk_sealed_arena, layout_falls_marsh,
          evilmike_swamp_ruin_rubble_1, swamp_pool4
Swamp:2:  layout_basic_swamp, serial_swamp_ruin, evilmike_swamp_ruin_wall,
          hangedman_swamp_ruin_wall, evilmike_swamp_ruin_house_1, swamp_pool2
Swamp:3:  layout_basic_swamp, evilmike_swamp_ruin_rubble_2
Spider:1: layout_spider_delve, gammafunk_ghost_grave
Spider:2: layout_spider_delve, nicolae_spider_shape
Spider:3: nicolae_spider_hall_of_the_moth_king, uniq_arachne, uniq_bai_suzhen,
          uniq_louise
Orc:1:    layout_caves, basic_altar, mines3_lemuel
Orc:2:    grunt_orc_community_town_hall, layout_diamond_mine,
          grunt_orc_community_big_house_2, grunt_orc_community_big_house_1,
          grunt_orc_community_house_2, grunt_orc_community_house_3,
          grunt_orc_community_house_3, grunt_orc_community_house_3,
          grunt_orc_community_house_2, grunt_orc_community_house_1,
          serial_shops, shop, maelrawn_ghost_gauntlet_escape, uniq_sonja

Skill      XL: |  1  2  3  4  5  6  7  8  9 10 11 12 13 14 15 16 17 18 |
---------------+-------------------------------------------------------+-----
Axes           | 2 3 4 5 7 8 10 11 12 14 15 16 | 16.0
Throwing       | 1 4 6 7 8 |  8.8
Fighting       | 4 5 6 8 10 11 13 15 | 15.0
Dodging        | 1 2 4 5 |  5.2
Invocations    | 4 6 9 10 | 10.0
Shields        | 5 8 9 12 13 14 15 16 17 18 | 18.5
Armour         | 5 6 7 8 10 11 12 13 14 | 14.0

Action                     |  1- 3 |  4- 6 |  7- 9 | 10-12 | 13-15 | 16-18 || total
---------------------------+-------+-------+-------+-------+-------+-------++-------
  Melee: War axe           |    96 |   118 |   250 |   418 |  1117 |  1457 ||  3456
         Hand axe          |       |       |       |       |    21 |    43 ||    64
  Throw: Boomerang         |       |    16 |    65 |    65 |    83 |   176 ||   405
         Javelin           |       |       |       |       |    40 |    36 ||    76
 Invoke: Heroism           |       |       |     8 |    22 |    28 |    52 ||   110
         Finesse           |       |       |       |       |     4 |       ||     4
    Use: Scroll            |     5 |     4 |     3 |    16 |     7 |    12 ||    47
         Potion            |       |     3 |       |     3 |     2 |    11 ||    19
   Stab: Sleeping          |       |       |       |       |     1 |       ||     1
         Confused          |       |       |       |       |       |     2 ||     2
 Armour: Scale mail        |    47 |    53 |       |       |       |       ||   100
         Chain mail        |       |    25 |   104 |       |       |       ||   129
         Plate armour      |       |       |    49 |   163 |   366 |   630 ||  1208
  Dodge: Dodged            |    46 |    59 |    81 |    92 |   340 |   658 ||  1276
  Block: Buckler           |    20 |    22 |    25 |       |       |       ||    67
         Kite shield       |       |       |    67 |    85 |       |       ||   152
         Tower shield      |       |       |       |   209 |   946 |  1545 ||  2700

Table legend:
 A = Non-vault XP
 B = Vault XP
 C = Vault XP percentage of total XP
 D = Non-vault monster count
 E = Vault monster count
 F = Vault count percentage of total count
                 A         B        C        D         E       F
            +---------+---------+-------+---------+---------+-------
      Total |  202137 |   78071 |  27.9 |     748 |     267 |  26.3
            +---------+---------+-------+---------+---------+-------
        D:1 |      52 |       6 |  10.3 |      29 |       4 |  12.1
        D:2 |      87 |       0 |   0.0 |      20 |       0 |   0.0
        D:3 |     209 |       0 |   0.0 |      18 |       0 |   0.0
        D:4 |     327 |     376 |  53.5 |      16 |       2 |  11.1
        D:5 |     596 |      26 |   4.2 |      11 |       2 |  15.4
        D:6 |     546 |       8 |   1.4 |      22 |       4 |  15.4
        D:7 |    2175 |     631 |  22.5 |      26 |       2 |   7.1
        D:8 |    3418 |     663 |  16.2 |      26 |       1 |   3.7
        D:9 |    2292 |     520 |  18.5 |      12 |       4 |  25.0
       D:10 |     886 |    1824 |  67.3 |      20 |      10 |  33.3
       D:11 |    2667 |       0 |   0.0 |      15 |       0 |   0.0
       D:12 |    4937 |     779 |  13.6 |      11 |       2 |  15.4
       D:13 |   10870 |    6289 |  36.7 |      25 |      13 |  34.2
       D:14 |    8430 |    9340 |  52.6 |      18 |      14 |  43.8
       D:15 |    5622 |    2701 |  32.5 |      14 |       3 |  17.6
     Lair:1 |   10543 |    1966 |  15.7 |      49 |       3 |   5.8
     Lair:2 |    6621 |    1396 |  17.4 |      23 |       7 |  23.3
     Lair:3 |   10734 |    1149 |   9.7 |      31 |      10 |  24.4
     Lair:4 |    8260 |     311 |   3.6 |      31 |       5 |  13.9
     Lair:5 |    9418 |   14193 |  60.1 |      27 |      48 |  64.0
    Swamp:1 |   12450 |       0 |   0.0 |      26 |       0 |   0.0
    Swamp:2 |   13198 |       0 |   0.0 |      26 |       0 |   0.0
    Swamp:3 |   12655 |       0 |   0.0 |      26 |       0 |   0.0
   Spider:1 |   15796 |       0 |   0.0 |      41 |       0 |   0.0
   Spider:2 |   27601 |    4760 |  14.7 |      70 |       8 |  10.3
   Spider:3 |   17060 |   10319 |  37.7 |      41 |      14 |  25.5
      Orc:1 |    2128 |     512 |  19.4 |      15 |       1 |   6.2
      Orc:2 |    1950 |    6242 |  76.2 |      32 |      77 |  70.6
    Abyss:2 |   10609 |    9876 |  48.2 |      27 |      20 |  42.6
   Gauntlet |       0 |    4184 | 100.0 |       0 |      13 | 100.0
            +---------+---------+-------+---------+---------+-------
